 Dungeon Crawl Stone Soup version 0.20.1-1-g8b1a95d (webtiles) character file.

533 Gargoyl the Skirmisher (level 7, -4/91 HPs)
             Began as a Minotaur Abyssal Knight on Sept 2, 2017.
             Was a Believer of Lugonu.
             Killed from afar by Dowan (10 damage)
             ... with a stone arrow
             ... on level 4 of the Dungeon.
             The game lasted 00:05:57 (3035 turns).

Gargoyl the Skirmisher (Minotaur Abyssal Knight)    Turns: 3035, Time: 00:05:58

Health: -4/91      AC: 23    Str: 21    XL:     7   Next: 4%
Magic:  8/8        EV:  2    Int: 14    God:    Lugonu [**....]
Gold:   243        SH:  4    Dex: 14    Spells: 6/6 levels left

rFire    + . .     SeeInvis .   a - +1 hand axe
rCold    + . .     Gourm    .   d - +0 buckler
rNeg     + + +     Faith    .   (armour currently unavailable)
rPois    +         Spirit   .   (helmet currently unavailable)
rElec    +         Reflect  .   (cloak currently unavailable)
rCorr    +         Harm     .   (gloves currently unavailable)
MR       .....     NoTele   +   (boots currently unavailable)
Stlth    +.........             (no amulet)
Regen    0.3/turn               (no ring)
MPRegen  0.2/turn               (no ring)

@: mighty, brilliant, tree-form, resistant, glowing
A: (retaliatory headbutt), thin skeletal structure 1, MP-powered wands
a: Depart the Abyss, Bend Space, Renounce Religion


You were on level 4 of the Dungeon.
You worshipped Lugonu.
Lugonu was pleased with you.
You were not hungry.
You were a tree.
You visited 1 branch of the dungeon, and saw 4 of its levels.
You visited the Abyss 1 time.

You collected 243 gold pieces.

Inventory:

Hand Weapons
 a - a +1 hand axe (weapon)
Armour
 d - a +0 buckler (worn)
 q - a +1 scale mail of poison resistance (melded)
Scrolls
 f - 2 scrolls of magic mapping {unknown}
 k - a scroll of remove curse
 l - a scroll of identify
 n - a scroll of fog
 p - a scroll of amnesia
Potions
 e - a potion of resistance
 g - a potion of brilliance
Comestibles
 c - 3 bread rations
 h - 3 meat rations
 o - 3 fruits


   Skills:
 + Level 5.3 Fighting
 + Level 5.0 Axes
 * Level 5.1 Armour
 + Level 2.8 Dodging
 + Level 0.8 Shields
 * Level 3.3 Invocations


You had 6 spell levels left.
You didn't know any spells.

Dungeon Overview and Level Annotations

Branches:
Dungeon (4/15)
 Temple: D:4-7

Altars:
Fedhas
Kikubaaqudgha
Trog

Annotations:
D:4 Dowan


Innate Abilities, Weirdness & Mutations

((You reflexively headbutt those who attack you in melee.))
((You have a pair of horns on your head.))
You have a somewhat thin skeletal structure. (Dex +2, Stealth)
You expend magic power (3 MP) to strengthen your wands.


Message History

Duvessa hits you but does no damage.
You slash Duvessa!
Duvessa is almost dead.
Duvessa hits you but does no damage. Dowan gestures at you while chanting.
The puff of flame hits you! Duvessa hits you but does no damage.
You slash Duvessa!
You kill Duvessa!
Lugonu accepts your kill.
Dowan's eyes darken. "You have made a black mistake."
Dowan seems to find hidden reserves of power!
Your Axes skill increases to level 5!
Your Armour skill increases to level 5!
You have reached level 7!
Dowan gestures at you while chanting. The shard of ice hits you!
* * * LOW HITPOINT WARNING * * *
You feel protected. Dowan gestures at you while chanting.
The stone arrow hits you!
You die...

##.....##...#....
#......#....#....
#......#...##'###
#......#...#.....
#......#...+.....
##.....# ..#.....
#######......#
#.....
#.....#......#
#.....
#....)♣......#
#.....
#[..............
#.....
#.....##.e...##.
#..... #.....
####### #.....
#..... .....
###+##


You could see Dowan.

Vanquished Creatures
  Duvessa (D:4)
  An eye of draining (Abyss:2)
  An ogre (D:4)
  A howler monkey (D:4)
  A bullfrog skeleton (D:4)
  A worker ant (D:4)
  A hound skeleton (D:4)
  Robin (D:1)
  7 adders
  2 oozes (D:3)
  A dart slug (D:2)
  A leopard gecko (D:1)
  An orc (D:3)
  A ball python (D:4)
  5 giant cockroaches
  11 goblins
  8 hobgoblins
  7 jackals
  3 bats
  3 frilled lizards
  7 kobolds
  10 rats
  A withered plant (D:2)
76 creatures vanquished.

Notes
Turn   | Place    | Note
-------+----------+-------------------------------------------
     0 | Abyss:1  | Gargoyl the Minotaur Abyssal Knight began the quest for the Orb.
     0 | Abyss:1  | Reached XP level 1. HP: 19/19 MP: 1/1
    21 | Abyss:2  | Noticed an eye of draining
    33 | Abyss:2  | Noticed a ynoxinul
    55 | Abyss:2  | Killed an eye of draining
    55 | Abyss:2  | Reached XP level 2. HP: 24/28 MP: 0/2
    55 | Abyss:2  | Reached XP level 3. HP: 29/34 MP: 0/3
    55 | Abyss:2  | Reached XP level 4. HP: 35/41 MP: 0/4
    56 | Abyss:2  | Noticed a rakshasa
    56 | D:1      | Escaped the Abyss
   256 | D:1      | Reached * piety under Lugonu
   775 | D:2      | Noticed Robin
   908 | D:1      | Killed Robin
   908 | D:1      | Reached skill level 5 in Fighting
   929 | D:2      | Reached ** piety under Lugonu
  1098 | D:2      | Reached XP level 5. HP: 48/48 MP: 5/5
  1268 | D:2      | Found an ancient bone altar of Kikubaaqudgha.
  1865 | D:3      | Found a blossoming altar of Fedhas.
  2621 | D:4      | Reached XP level 6. HP: 56/56 MP: 7/7
  2918 | D:4      | Found a bloodstained altar of Trog.
  3007 | D:4      | Noticed Dowan
  3008 | D:4      | Noticed Duvessa
  3023 | D:4      | Gained mutation: You are dopey. (Int -2) [potion of mutation]
  3023 | D:4      | Gained mutation: You are somewhat resistant to further mutation. [potion of mutation]
  3032 | D:4      | Lost mutation: You are dopey. (Int -2) [potion of mutation]
  3032 | D:4      | Lost mutation: You are somewhat resistant to further mutation. [potion of mutation]
  3032 | D:4      | Gained mutation: You are dopey. (Int -2) [potion of mutation]
  3032 | D:4      | Gained mutation: You expend magic power (3 MP) to strengthen your wands. [potion of mutation]
  3032 | D:4      | Lost mutation: You are dopey. (Int -2) [potion of mutation]
  3032 | D:4      | Gained mutation: You have a somewhat thin skeletal structure. (Dex +2, Stealth) [potion of mutation]
  3034 | D:4      | Killed Duvessa
  3034 | D:4      | Reached skill level 5 in Axes
  3034 | D:4      | Reached skill level 5 in Armour
  3034 | D:4      | Reached XP level 7. HP: 13/61 MP: 8/8
  3035 | D:4      | Killed from afar by Dowan

Skill      XL: |  1  2  3  4  5  6 |
---------------+-------------------+-----
Fighting       | 4 5 |  5.3
Axes           | 3 4 5 |  5.0
Armour         | 3 4 5 |  5.1
Invocations    | 2 3 |  3.3
Dodging        | 2 |  2.8
Shields        | |  0.8

Action                   |  1- 3 |  4- 6 |  7- 9 || total
-------------------------+-------+-------+-------++-------
Melee: Hand axe          |    14 |   182 |       ||   196
       Headbutt          |     4 |    31 |       ||    35
Invok: Depart the Abyss  |       |     1 |       ||     1
  Use: Scroll            |       |     5 |       ||     5
       Potion            |       |     6 |     1 ||     7
  Eat: Chunk             |       |     7 |       ||     7
Armor: Leather armour    |     3 |    14 |       ||    17
       Ring mail         |       |    40 |       ||    40
       Scale mail        |       |    31 |       ||    31
       Skin              |       |     9 |       ||     9
Dodge: Dodged            |     5 |   118 |       ||   123
Block: Buckler           |       |    28 |       ||    28
